AoeStats
← JoNaThAn11l11

Arabia

507571867Analyzed
1v1 RM · 12d ago on Sep 18, 2026· 39m 7s· 2 players
Game mode
Random Map
Map size
Tiny (2 player)
Population
200
Speed
Normal
Resources
Standard
Victory
Conquest
Starting age
Dark Age
Ending age
Imperial Age
RankedLock teamsTeams togetherTeam positionsShared explorationLock speedFull tech treeHidden civsTurbo modeCheats
Victory
Defeat
🇪🇸 Sicilians · Spain
823
+17
🇨🇴 Lithuanians · Colombia
834
-17
pcampuzano1987
6:35 Loom
10:12 Feudal Age
11:28 Wheelbarrow
10:40 Double-Bit Axe
10:51 Gold Mining
16:09 Horse Collar
19:08 Stone Mining
23:34 Arson
30:56 Castle Age
29:21 Forging
29:13 Scale Mail Armor
31:02 Pikeman
33:34 Hand Cart
33:33 Bow Saw
36:56 Murder Holes
37:23 Ballistics
JoNaThAn11l11
7:27 Loom
10:31 Feudal Age
11:20 Double-Bit Axe
19:02 Wheelbarrow
20:28 Horse Collar
24:59 Castle Age
26:30 Bow Saw
26:30 Stone Mining
27:34 Heavy Plow
28:54 Hand Cart
31:57 Forging
31:53 Scale Barding Armor
33:12 Husbandry
33:22 Bloodlines
Connection lost

Rejoining the realm…

Still unreachable

The connection could not be restored.

Session expired

The server has moved on; the page needs a fresh start.